 Seeded DCSS version 0.27.1-35-g4d5d836560 (webtiles) character file.

Game seed: 5453515 (custom seed)

2 xaos the Covered (level 1, -1/18 HPs)
             Began as a Human Wanderer on Mar 26, 2022.
             Slain by a goblin (4 damage)
             ... on level 1 of the Dungeon.
             The game lasted 00:01:17 (86 turns).

xaos the Covered (Human Wanderer)                     Turns: 86, Time: 00:01:19

Health: -1/18      AC:  2    Str: 15    XL:     1   Next: 44%
Magic:  1/1        EV: 11    Int:  9    God:
Gold:   0          SH:  0    Dex: 12    Spells: 0/0 levels left

rFire    . . .     SeeInvis .   a - +2 hand crossbow
rCold    . . .     Faith    .   (no shield)
rNeg     . . .     Spirit   .   e - +0 robe
rPois    .         Reflect  .   (no helmet)
rElec    .         Harm     .   (no cloak)
rCorr    .         Rampage  .   (no gloves)
Will     .....                  (no boots)
Stlth    +.........             (no amulet)
HPRegen  0.06/turn              (no ring)
MPRegen  0.07/turn              (no ring)

@: no status effects
A: no striking features
a: no special abilities


You were on level 1 of the Dungeon.
You visited 1 branch of the dungeon, and saw 1 of its levels.

Inventory:

Hand Weapons
 a - a +2 hand crossbow (weapon)
Missiles
 b - 22 bolts (quivered ammo)
Armour
 e - a +0 robe (worn)
Scrolls
 c - a scroll of teleportation
Potions
 d - a potion of lignification


   Skills:
 + Level 3.1 Fighting
 + Level 1.0 Crossbows
 + Level 4.0 Armour
 + Level 2.0 Evocations


You couldn't memorise any spells.
You didn't know any spells.
Your spell library was empty.

Dungeon Overview and Level Annotations

Branches:
Dungeon (1/15)

Altars:


Message History

The bat misses you. The dart slug launches a dart at you.
The slug dart hits you.
* * * LOW HITPOINT WARNING * * *
A rat comes into view.
The bat barely misses you. The bat barely misses you.
The bat barely misses you. The bat hits you.
* * * LOW HITPOINT WARNING * * *
The bat completely misses you. The bat closely misses you.
The bat closely misses you. The frilled lizard barely misses you.
The bat hits you but does no damage. The bat hits you but does no damage.
The bat misses you. The frilled lizard barely misses you.
Really attack while wielding your +2 hand crossbow? [Y]es or [N]o only, please.
Really attack while wielding your +2 hand crossbow?
Okay, then.
The bat closely misses you. The frilled lizard bites you.
* * * LOW HITPOINT WARNING * * *
Really attack while wielding your +2 hand crossbow? [Y]es or [N]o only, please.
Really attack while wielding your +2 hand crossbow?
Okay, then.
Really attack while wielding your +2 hand crossbow? [Y]es or [N]o only, please.
Really attack while wielding your +2 hand crossbow? [Y]es or [N]o only, please.
Really attack while wielding your +2 hand crossbow?
Okay, then.
Really attack while wielding your +2 hand crossbow?
You closely miss the goblin. The bat completely misses you.
The goblin hits you with a +0 dagger.
* * * LOW HITPOINT WARNING * * *
The rat bites the plant.
The plant begins to die.
The frilled lizard completely misses you.
The goblin hits you with a +0 dagger.
You die...

.##..#.###..#...........##.#.
.........................._...
............................#.
...P#≈#P.....P#≈#P..........#.
..P##≈##P...P##≈##P.........#.
...≈≈≈≈≈..<.w≈≈≈≈≈..........#.
. P##≈##P.brP##≈##P...........
#≈#P....gP#≈#P..........#.
..........@l...............
#.............####......##.
..........##.#.......
##.#.#######.#.#####. #.#.
#.#.# # #. #.... #.#.# .....
#.#.#


You could see a dart slug, a goblin, a bat, a frilled lizard and a rat.

Vanquished Creatures
  2 ball pythons (D:1)
2 creatures vanquished.

Notes
Turn   | Place    | Note
-------+----------+-------------------------------------------
     0 | D:1      | xaos the Human Wanderer began the quest for the Orb.
     0 | D:1      | xaos set off with the following items: a +2 hand crossbow,
                  | 22 bolts, a scroll of teleportation, a potion of
                  | lignification, a +0 robe
     0 | D:1      | Reached XP level 1. HP: 18/18 MP: 1/1
    11 | D:1      | Found a faded altar of an unknown god.
    86 | D:1      | Slain by a goblin

Illustrated notes

Levels and vault maps discovered:
D:1:      eino_arrival_water_cross, layout_basic, basic_ecumenical_altar,
          chequers_avenue

Action                   || total
-------------------------++-------
Melee: Hand crossbow     ||     1
 Fire: Hand crossbow     ||     3
Armor: Robe              ||    11
Dodge: Dodged            ||    45
